woodfighter, chaotic female orcish Cavewoman ----- |%%.| |%%.| |m@.| |%!@-# -----# # # # ### # ### ------ # |<...| ##.....| ------ woodfighter the Cave Teen Experience level: 4 Strength: 18/01 Dexterity: 12 Constitution: 18 Intelligence: 11 Wisdom: 8 Charisma: 7 Health: 0(38) Energy: 14(14) Def: 2 Gold: 341 Moves: 1924 Dungeon seed: C5-Fjy5IZgh_sckk Game ID: woodfighter_1499540820 Your Inventory: Coins $ - 341 gold pieces Weapons a - a +1 club (weapon in hand) b - a +2 sling (alternate weapon; not wielded) Armor q - a blessed +0 leather armor (being worn) Comestibles c - 2 uncursed tripe rations d - an uncursed pancake p - an uncursed lichen corpse t - an uncursed sprig of wolfsbane u - an uncursed eucalyptus leaf Scrolls s - a cursed scroll of enchant weapon Spellbooks g - an uncursed spellbook of force bolt Potions h - an uncursed potion of extra healing k - a cursed potion of see invisible l - a cursed potion of gain level m - 2 uncursed potions of hallucination v - an uncursed potion of gain energy Wands w - a wand of light (0:15) x - a wand of nothing (0:8) Tools j - a cursed oil lamp (0:1011) y - an uncursed skeleton key Gems e - 11 uncursed flints (in quiver) Spells and supernatural/magical abilities: Name Level Category Fail Memory W - pray for help -- divine ? -- Your skills at the end: Miscellaneous Skills bare handed combat [Basic] Weapon Skills scimitar [Basic] club [Basic] sling [Basic] Spellcasting Skills Final Attributes: You were piously aligned. You were poison resistant. You had infravision. You were very stealthy. You were held by a giant mimic. You were lucky. You are dead. Vanquished creatures: an iguana 2 jitterbugs a gas spore a large kobold a gecko a giant rat a yellow mold a red mold 5 jackals a kobold 6 newts 2 grid bugs 5 lichens 2 kobold zombies 30 creatures vanquished. Voluntary challenges: You did not adorn yourself with jewelry or accessories. You did not cause conflict. You were not invisible. You did not have reflection. You were not displaced. You used a wielded weapon 36 times, starting on turn 338. You did not apply a unicorn horn. You did not use plumbed fixtures. You did not drink any magical draughts. You were illiterate. You never genocided any monsters. You never polymorphed an object. You never changed form. You used no wishes. You never split a pudding. You never wrote Elbereth's name. You never violated your personal moral code. Dungeon overview: The Dungeons of Doom: levels 1 to 5 Level 1 an altar to Ishtar, a fountain a long staircase Level 2 a fountain stairs to The Gnomish Mines Level 3 an altar to Anu, a fountain Level 4 Level 5 <- You were here a delicatessen The Gnomish Mines: Level 3 stairs to The Dungeons of Doom History has recorded: On T:1 you entered the Dungeons of Doom to retrieve the Amulet of Yendor! On T:537 you reached level 2 of The Dungeons of Doom. On T:600 you reached level 1 of The Gnomish Mines. On T:689 you reached level 3 of The Dungeons of Doom. On T:851 you advanced to experience level 2. On T:985 you advanced to experience level 3. On T:1238 you reached level 4 of The Dungeons of Doom. On T:1376 you advanced to experience level 4. On T:1488 you reached level 5 of The Dungeons of Doom. Score breakdown: Gold: 341 ( 34 points) Experience: 4 levels ( 300 points) Exploration: 5 levels ( 120 points) Discoveries: 11 items ( 550 points) Variety of kills: 14 monsters ( 700 points) Major goal: (nothing yet) ( 0 points) Survival: died (score multiplied by 3) Total score: 5112 Latest messages: You stop exploring. You hit the iguana! The iguana bites! You kill the iguana! With great effort you move the boulder. You try to move the boulder, but in vain. $ - 18 gold pieces. You try to move the boulder, but in vain. The grid bug bites! You get zapped! You kill the grid bug! Nowhere else around here can be automatically explored. Where do you want to travel to? $ - 49 gold pieces. x - a short wand. You hear the chime of a cash register. "Hello, woodfighter! Welcome to Berbek's delicatessen!" Nowhere else around here can be automatically explored. You see here a pink potion (75 zorkmids). You see here a smoky potion (75 zorkmids). Wait! That's a giant mimic! The giant mimic claws you! (2x) You hit the giant mimic! (4x) The giant mimic claws you! (2x) You die... Berbek gratefully inherits all your possessions. Final status: Goodbye woodfighter the Cavewoman, killed by a giant mimic... You died in The Dungeons of Doom on dungeon level 5 with 5112 points, and 341 pieces of gold, after 1924 moves. You were level 4 with a maximum of 38 hit points when you died.